Map: Golden Wall LE

Players

Seither

  • Race: Terran Terran
  • Spawn Location: 7:00

Probe - Winner!

  • Race: Protoss Protoss
  • Spawn Location: 5:00

Event: DreamHack SC2 Masters 2020 Summer Oceania RoA

VOD

Have the link to the VOD?

Description

Time

  • Played on: June 27, 2020, 6:11 a.m.
  • Length: 15:33

All games in this series

Show
View Real Time Build Order
Export as new Build Order

Seither Terran 

Build Orders:  

Get SALT Encoding   

  12  0:00  SCV  
  13  0:12  SCV  
  14  0:18  Supply Depot  
  14  0:25  SCV  
  15  0:39  SCV  
  15  0:40  Barracks  
  16  0:46  Refinery  
  16  0:51  SCV  
  17  0:58  Supply Depot  
  17  1:03  SCV  
  18  1:16  SCV  
  19  1:29  Orbital Command, Marine  
  20  1:51  Command Center  
  20  1:57  SCV  
  20  1:59  Barracks Reactor  
  21  2:08  Factory  
  21  2:11  SCV  
  22  2:17  Refinery  
  22  2:23  SCV  
  23  2:35  SCV  
  23  2:37  Marine x2  
  26  2:47  SCV  
  27  2:51  Widow Mine  
  27  2:53  Starport  
  27  2:54  Marine  
  27  2:55  Marine  
  31  3:03  SCV  
  31  3:04  Orbital Command  
  32  3:13  Widow Mine  
  32  3:15  Marine x2  
  32  3:16  SCV  
  37  3:25  Supply Depot  
  37  3:28  SCV  
  37  3:29  Medivac  
  37  3:31  SCV  
  41  3:34  Marine x2  
  41  3:40  SCV  
  44  3:50  SCV, Barracks  
  44  3:51  Barracks  
  44  3:52  SCV  
  44  3:54  Marine x2  
  48  3:56  Factory Tech Lab  
  48  4:03  Starport Tech Lab  
  48  4:05  SCV x2  
  48  4:07  Supply Depot  
  50  4:14  Engineering Bay  
  50  4:16  Marine  
  50  4:17  Marine  
  51  4:19  SCV x2  
  54  4:30  Supply Depot  
  54  4:31  SCV x2  
  56  4:32  Starport Reactor, Factory Reactor  
  56  4:36  Refinery, Marine x2  
  58  4:42  Terran Infantry Weapons Level 1  
  58  4:43  SCV x2  
  60  4:50  Marauder x2  
  60  4:51  Stimpack  
  62  4:58  SCV, Marine x2  
  62  4:59  SCV  
  66  5:05  Combat Shield  
  66  5:09  Supply Depot  
  66  5:11  SCV x2  
  66  5:12  Medivac  
  70  5:18  Supply Depot  
  70  5:30  SCV x2  
  70  5:31  Marauder x2, Widow Mine  
  70  5:32  Supply Depot, Refinery  
  78  5:40  Marine x2, Widow Mine  
  78  5:41  Supply Depot  
  82  5:43  SCV x2  
  84  5:50  Medivac  
  84  5:54  Marauder x2  
  90  5:57  SCV x2, Marine x2  
  90  5:58  Supply Depot  
  94  6:16  Command Center  
  94  6:18  SCV x2  
  96  6:19  Marauder x2, Marine x2  
  96  6:24  Medivac x2  
  106  6:32  Factory Tech Lab  
  106  6:34  Supply Depot, Barracks  
  106  6:36  SCV, Barracks  
  106  6:37  SCV  
  106  6:39  Marine  
  108  6:40  Marine  
  108  6:45  Supply Depot  
  108  6:46  Terran Infantry Armor Level 1  
  110  6:56  SCV x2  
  112  7:01  Marauder, Marine x2  
  112  7:02  Marauder  
  116  7:08  SCV x2  
  116  7:12  Viking x2  
  115  7:20  SCV x2  
  117  7:22  Factory Tech Lab  
  117  7:23  Marauder x2, Marine x2  
  117  7:29  Starport  
  123  7:33  Orbital Command  
  123  7:35  Factory Reactor  
  123  7:36  Marauder  
  125  7:38  Concussive Shells  
  125  7:40  SCV  
  125  7:43  SCV  
  127  7:45  Marauder  
  127  7:47  Marine x3  
  127  7:48  Marine  
  133  7:53  Supply Depot  
  133  7:54  Refinery  
  133  7:56  Marine  
  133  7:57  Marine  
  135  8:05  SCV  
  134  8:06  Marauder  
  134  8:07  Marine  
  134  8:08  Marine x2  
  134  8:09  Viking  
  140  8:15  Viking, Marauder  
  140  8:16  Supply Depot  
  140  8:19  Viking  
  146  8:20  Ghost Academy  
  146  8:23  SCV x2  
  146  8:24  SCV  
  146  8:26  Refinery  
  148  8:29  Marauder x2, Marine  
  153  8:37  Viking  
  157  8:44  Supply Depot  
  157  8:46  SCV, Supply Depot  
  157  8:47  SCV  
  158  8:51  Ghost x2  
  158  8:52  Marine x2  
  160  9:05  Viking  
  160  9:06  Viking x2  
  165  9:12  Supply Depot  
  165  9:16  Ghost, Marine x2  
  169  9:18  Enhanced Shockwaves  
  169  9:19  Ghost  
  171  9:26  SCV x3  
  171  9:28  Ghost, Marine x2  
  178  9:35  Supply Depot x2  
  178  9:47  Liberator  
  178  9:48  Liberator  
  184  9:53  Marine x2  
  184  9:54  Marauder x2, Marine  
  191  10:04  Marine  
  191  10:05  Marauder  
  193  10:11  Marine  
  167  10:14  Marine  
  167  10:15  Marauder x2  
  154  10:26  Marine x2  
  154  10:27  Marauder  
  141  10:29  Marine  
  141  10:32  Armory, Marine  
  141  10:33  Medivac x2, Engineering Bay  
  131  10:36  Marauder x2  
  130  10:44  Marine x2  
  130  10:45  Command Center  
  130  10:47  Marine  
  130  10:48  Marauder  
  135  10:50  Marine  
  135  10:53  Bunker  
  136  10:57  Marine  
  136  10:58  Marauder  
  136  11:02  Marine x2  
  141  11:04  Marine  
  141  11:08  Marine  
  141  11:09  Marine  
  144  11:16  Marauder  
  146  11:19  Marine  
  147  11:27  Marauder  
  147  11:30  Liberator x4  
  147  11:31  Terran Infantry Weapons Level 2  
  147  11:32  Terran Infantry Armor Level 2  
  160  11:33  Fusion Core  
  160  11:36  SCV x2  
  160  11:37  SCV  
  161  11:41  Ghost x2  
  161  11:42  Marine  
  166  11:48  Ghost  
  166  11:59  Planetary Fortress  
  166  12:01  Missile Turret  
  166  12:02  SCV x2  
  166  12:04  Marine x4  
  166  12:07  Terran Ship Weapons Level 1  
  166  12:22  Barracks  
  166  12:23  Barracks  
  166  12:24  Marauder x3, Marine x2  
  166  12:25  Barracks  
  174  12:33  Advanced Ballistics  
  174  12:34  Liberator x2  
  179  12:44  SCV x2, Refinery x2  
  179  12:47  Marine x3  
  179  12:49  Command Center  
  184  12:54  Viking x2  
  182  13:13  Barracks Reactor  
  182  13:14  Barracks Tech Lab x2  
  182  13:17  Viking x2, Marauder x3, Marine  
  188  13:24  Viking x2, SCV x3  
  188  13:25  SCV  
  192  13:32  Marauder x2, Marine x2  
  196  13:35  Marine  
  196  13:36  SCV x2  
  196  13:37  SCV x2  
  199  13:43  Marine  
  199  13:44  Marine  
  199  13:50  SCV  
  197  14:16  Marine  
  197  14:17  Marauder x2, Marine  
  192  14:25  Marine  
  192  14:26  Marauder x2, Marine  
  192  14:27  Marine  
  192  14:28  Marine  
  200  14:37  Command Center, Marine  
  187  14:50  Marine x2  
  187  14:51  Marauder x3, Marine x2  
  187  14:52  Marauder, Marine  
  167  14:53  Marauder  
  167  14:54  Marine  
  171  15:06  SCV  
  172  15:07  SCV x2  
  172  15:08  Marine x2  
  172  15:09  Marine x2  
  172  15:10  Marine  
  172  15:12  Marauder, Marine x2  
Show
View Real Time Build Order
Export as new Build Order

Probe Protoss - Winner!

Build Orders: 1 Gate Expand, Colossus Rush 

Get SALT Encoding   

  12  0:00  Probe  
  13  0:13  Probe  
  14  0:18  Pylon  
  14  0:24  Probe  
  15  0:32  Probe  
  15  0:38  Gateway  
  15  0:40  Probe  
  16  0:46  Assimilator  
  17  0:51  Probe  
  18  1:03  Probe  
  19  1:15  Probe  
  20  1:26  Cybernetics Core  
  20  1:32  Nexus  
  20  1:39  Probe  
  21  1:43  Pylon  
  21  1:51  Probe  
  21  1:52  Assimilator  
  21  1:53  Adept  
  22  2:03  Probe  
  22  2:05  Warp Gate  
  25  2:14  Stalker  
  25  2:15  Probe  
  26  2:27  Probe  
  29  2:39  Probe  
  29  2:43  Probe, Stalker  
  30  2:48  Robotics Facility  
  30  2:51  Probe x2  
  35  3:01  Probe, Gateway  
  35  3:04  Probe  
  37  3:13  Probe  
  37  3:16  Probe  
  39  3:23  Gateway  
  39  3:25  Probe  
  40  3:28  Probe  
  40  3:29  Observer  
  40  3:33  Pylon  
  41  3:37  Probe  
  41  3:39  Shield Battery  
  41  3:40  Probe  
  44  3:49  Probe  
  44  3:51  Observer  
  44  3:52  Probe  
  47  3:56  Stalker x2  
  47  4:01  Probe  
  47  4:02  Pylon  
  50  4:04  Probe  
  51  4:10  Pylon  
  51  4:13  Probe  
  51  4:16  Probe, Observer  
  54  4:19  Assimilator  
  54  4:20  Assimilator  
  54  4:21  Robotics Bay  
  54  4:25  Probe  
  54  4:28  Probe, Pylon  
  56  4:37  Probe  
  57  4:40  Probe  
  58  4:47  Gateway  
  58  4:50  Probe  
  59  4:52  Probe  
  60  5:02  Probe, Observer  
  60  5:03  Twilight Council, Gateway  
  60  5:05  Probe  
  60  5:06  Colossus  
  61  5:12  Pylon  
  61  5:14  Probe  
  62  5:17  Probe  
  69  5:21  Blink  
  69  5:24  Forge  
  69  5:33  Pylon  
  69  5:39  Nexus  
  69  5:40  Sentry  
  71  5:49  Sentry, Zealot  
  75  5:54  Colossus  
  75  5:55  Pylon  
  75  6:00  Probe x2  
  77  6:08  Protoss Ground Armor Level 1  
  77  6:09  Zealot x2  
  87  6:15  Shield Battery  
  87  6:17  Sentry, Zealot  
  91  6:25  Pylon  
  91  6:30  Zealot x2  
  95  6:37  Gateway  
  95  6:43  Gateway  
  95  6:45  Stalker x2  
  99  6:51  Photon Cannon  
  97  6:54  Probe x2  
  97  6:56  Zealot  
  97  7:00  Zealot  
  101  7:13  Probe  
  101  7:14  Charge  
  100  7:17  Stalker  
  100  7:18  Stalker x3  
  100  7:19  Probe  
  100  7:20  Probe  
  110  7:25  Probe  
  111  7:31  Probe, Warp Prism  
  111  7:32  Probe  
  113  7:37  Probe  
  113  7:38  Pylon  
  113  7:42  Pylon  
  113  7:43  Probe  
  117  7:44  Pylon  
  117  7:46  Pylon  
  117  7:53  Robotics Facility  
  117  7:56  Probe x3  
  120  7:58  Zealot  
  120  7:59  Zealot  
  120  8:02  Zealot  
  124  8:09  Colossus  
  124  8:11  Extended Thermal Lance  
  130  8:14  Assimilator  
  130  8:15  Assimilator  
  130  8:19  Stalker x2  
  134  8:25  Pylon  
  132  8:35  Pylon  
  132  8:37  Disruptor  
  132  8:38  Zealot x5  
  142  8:41  Protoss Ground Weapons Level 1  
  142  8:47  Nexus  
  142  8:48  Probe x2  
  145  8:52  Disruptor  
  145  8:54  Forge  
  145  9:02  Zealot  
  143  9:04  Probe  
  143  9:05  Disruptor  
  139  9:11  Stalker x3  
  139  9:12  Stalker  
  150  9:25  Probe x3  
  150  9:28  Pylon  
  150  9:29  Shield Battery  
  150  9:31  Disruptor  
  153  9:32  Protoss Ground Armor Level 2  
  153  9:37  Probe x3  
  156  9:39  Disruptor  
  162  9:49  Probe x2  
  162  9:52  Stalker x3  
  162  9:55  Zealot  
  168  10:03  Zealot x3  
  173  10:10  Disruptor  
  154  10:15  Disruptor  
  132  10:21  Zealot  
  132  10:22  Zealot x3  
  132  10:26  Zealot  
  132  10:27  Zealot x2  
  122  10:38  Colossus  
  122  10:41  Colossus  
  119  10:43  Zealot x4  
  119  10:47  Gateway x2  
  127  10:53  Sentry x3  
  145  11:03  Zealot  
  147  11:04  Zealot  
  147  11:08  Assimilator  
  147  11:09  Assimilator  
  147  11:12  Shield Battery, Protoss Ground Weapons Level 2  
  147  11:13  Photon Cannon  
  147  11:18  Zealot x2  
  149  11:21  Colossus  
  151  11:26  Zealot x3  
  151  11:27  Colossus  
  167  11:42  Zealot  
  167  11:43  Zealot x3  
  173  11:52  Stalker  
  173  11:53  Stalker x2  
  175  11:56  Protoss Ground Armor Level 3  
  171  12:05  Observer  
  171  12:08  Probe x2  
  166  12:12  Templar Archives  
  166  12:14  Zealot  
  166  12:15  Zealot x3  
  174  12:20  Observer  
  175  12:24  Disruptor  
  175  12:29  Zealot x2  
  181  12:39  Pylon  
  181  12:40  Dark Shrine  
  181  12:45  Observer  
  182  12:52  Nexus  
  182  12:58  Zealot  
  182  12:59  Zealot, Disruptor  
  182  13:05  Psionic Storm  
  189  13:06  Disruptor  
  192  13:19  High Templar  
  190  13:20  Photon Cannon x3, High Templar x2  
  190  13:22  Shield Battery  
  190  13:25  Photon Cannon  
  190  13:26  Stargate  
  194  13:28  Assimilator  
  194  13:33  Assimilator  
  190  13:35  Pylon, Disruptor  
  190  13:37  Pylon  
  190  13:39  High Templar  
  195  13:44  Stalker x2  
  190  13:52  Stalker x3  
  192  14:00  Dark Templar x3  
  191  14:19  High Templar x2  
  191  14:21  Disruptor  
  191  14:23  Photon Cannon  
  198  14:24  Dark Templar  
  198  14:27  Photon Cannon  
  196  14:52  Disruptor  
  189  14:56  Stalker x5  
  196  15:14  Stalker x4  
  169  15:16  Probe  
Tags
 
Add a new tag
Caveats
  • Supply blocks, unpowered buildings, or Contaminate may cause inaccurate times.
  • Supply counts are checked every 10 seconds.